[gd_scene load_steps=9 format=2]

[ext_resource path="res://src/UI/UI.gd" type="Script" id=1]
[ext_resource path="res://assets/Fonts/DungeonFont.tres" type="DynamicFont" id=2]
[ext_resource path="res://assets/Styles/BoxTheme.tres" type="Theme" id=3]
[ext_resource path="res://src/UI/DebugMenu.tscn" type="PackedScene" id=4]

[sub_resource type="StyleBoxFlat" id=3]
bg_color = Color( 0, 1, 0.0431373, 1 )
corner_detail = 4

[sub_resource type="StyleBoxFlat" id=4]
bg_color = Color( 1, 0, 0, 1 )

[sub_resource type="StyleBoxFlat" id=5]
bg_color = Color( 0.92549, 0.615686, 0, 1 )
corner_detail = 4

[sub_resource type="StyleBoxFlat" id=6]
bg_color = Color( 1, 0, 0, 0 )

[node name="UI" type="CanvasLayer"]
pause_mode = 2
script = ExtResource( 1 )

[node name="PauseRect" type="ColorRect" parent="."]
visible = false
anchor_left = -0.1
anchor_top = -0.1
anchor_right = 1.1
anchor_bottom = 1.1
margin_right = 40.0
margin_bottom = 40.0
color = Color( 0.294118, 0.294118, 0.294118, 0.352941 )

[node name="Dead" type="Panel" parent="."]
visible = false
self_modulate = Color( 1, 1, 1, 0.843137 )
anchor_left = 0.2
anchor_top = 0.2
anchor_right = 0.8
anchor_bottom = 0.8

[node name="Text" type="RichTextLabel" parent="Dead"]
anchor_right = 1.0
anchor_bottom = 1.0
margin_left = 5.0
margin_top = 5.0
margin_right = -5.0
margin_bottom = -5.0
custom_fonts/normal_font = ExtResource( 2 )
text = "Tak, a je po tobě.

Jelikož je ukládání stavu děravé jako kvalitní ementál, nemůžeš pokračovat od nejbližšího kontrolního bodu. Musíš hezky od začátku.

Snad se budeš tentokrát snažit.

Stiskni mezerník."

[node name="TopPanel" type="Panel" parent="."]
self_modulate = Color( 1, 1, 1, 0.215686 )
show_behind_parent = true
anchor_right = 1.0
anchor_bottom = 0.1

[node name="QuestText" type="RichTextLabel" parent="TopPanel"]
anchor_left = 0.025
anchor_top = 0.1
anchor_right = 0.225
anchor_bottom = 0.9
margin_left = 0.400002
margin_top = 1.0
margin_right = 0.399994
margin_bottom = 1.0
theme = ExtResource( 3 )
custom_fonts/normal_font = ExtResource( 2 )
bbcode_text = "Najdi faráře."
text = "Najdi faráře."
scroll_active = false

[node name="HPBar" type="ProgressBar" parent="TopPanel"]
anchor_left = 0.25
anchor_top = 0.4
anchor_right = 0.75
anchor_bottom = 0.6
custom_styles/fg = SubResource( 3 )
custom_styles/bg = SubResource( 4 )
value = 100.0
percent_visible = false

[node name="DrunkBar" type="ProgressBar" parent="TopPanel"]
anchor_left = 0.25
anchor_top = 0.666667
anchor_right = 0.75
anchor_bottom = 0.817
custom_styles/fg = SubResource( 5 )
custom_styles/bg = SubResource( 6 )
max_value = 15.0
percent_visible = false
__meta__ = {
"_edit_use_anchors_": true
}

[node name="LevelText" type="RichTextLabel" parent="TopPanel"]
anchor_left = 0.775
anchor_top = 0.1
anchor_right = 0.975
anchor_bottom = 0.9
margin_left = 0.400024
margin_right = 0.400024
theme = ExtResource( 3 )
custom_fonts/normal_font = ExtResource( 2 )
text = "Vesnice"
scroll_active = false

[node name="DebugMenu" parent="." instance=ExtResource( 4 )]
visible = false

[node name="Inventory" type="Panel" parent="."]
self_modulate = Color( 1, 1, 1, 0 )
anchor_top = 1.0
anchor_bottom = 1.0
margin_top = -130.0
margin_right = 230.0

[node name="LeftHand" type="RichTextLabel" parent="Inventory"]
margin_left = 26.0
margin_top = 59.0
margin_right = 74.0
margin_bottom = 107.0
theme = ExtResource( 3 )
custom_fonts/normal_font = ExtResource( 2 )
bbcode_enabled = true
bbcode_text = "[color=grey]L[/color]"
text = "L"
scroll_active = false

[node name="RightHand" type="RichTextLabel" parent="Inventory"]
margin_left = 70.0
margin_top = 59.0
margin_right = 118.0
margin_bottom = 107.0
theme = ExtResource( 3 )
custom_fonts/normal_font = ExtResource( 2 )
bbcode_enabled = true
bbcode_text = "[color=grey]R[/color]"
text = "R"
scroll_active = false

[node name="Slot1" type="RichTextLabel" parent="Inventory"]
margin_left = 26.0
margin_top = -6.0
margin_right = 74.0
margin_bottom = 42.0
theme = ExtResource( 3 )
custom_fonts/normal_font = ExtResource( 2 )
bbcode_enabled = true
bbcode_text = "[color=grey]1[/color]"
text = "1"
scroll_active = false

[node name="Slot2" type="RichTextLabel" parent="Inventory"]
margin_left = 71.0
margin_top = -6.0
margin_right = 119.0
margin_bottom = 42.0
theme = ExtResource( 3 )
custom_fonts/normal_font = ExtResource( 2 )
bbcode_enabled = true
bbcode_text = "[color=grey]2[/color]"
text = "2"
scroll_active = false

[node name="Slot3" type="RichTextLabel" parent="Inventory"]
margin_left = 115.0
margin_top = -6.0
margin_right = 163.0
margin_bottom = 42.0
theme = ExtResource( 3 )
custom_fonts/normal_font = ExtResource( 2 )
bbcode_enabled = true
bbcode_text = "[color=grey]3[/color]"
text = "3"
scroll_active = false

[node name="Money" type="RichTextLabel" parent="Inventory"]
margin_left = 136.0
margin_top = 59.0
margin_right = 228.0
margin_bottom = 107.0
theme = ExtResource( 3 )
custom_fonts/normal_font = ExtResource( 2 )
bbcode_enabled = true
bbcode_text = "[color=#C0C0C0]0s[/color]"
text = "0s"
scroll_active = false

[node name="Help" type="RichTextLabel" parent="."]
visible = false
anchor_left = 0.4
anchor_top = 0.35
anchor_right = 0.6
anchor_bottom = 0.65
margin_left = -125.0
margin_top = -125.0
margin_right = 125.0
margin_bottom = 125.0
theme = ExtResource( 3 )
custom_fonts/normal_font = ExtResource( 2 )
bbcode_enabled = true
bbcode_text = "V horním panelu nalezneš současný úkol, ukazatel životů a tvou pozici ve světě.

Tvůj zobrazený [color=yellow]úkol[/color] je tvůj hlavní (ale jistě ne jediný) úkol v danou chvíli. Většinou se do něj nemusíš hrnout a můžeš v klidu prozkoumávat svět. Ostatní úkoly si musíš pamatovat sám! 

Tvůj [color=yellow]ukazatel životů[/color] je vcelku jednoduchý - jakmile vyprchá, je po tobě. Životy se ti obnovují samy, ale alespoň zpočátku pomalu. Svou pasivní obnovu životů můžeš vylepšit zvýšením své odolnosti. Okamžitou obnovu části životů ti zajistí některé nápoje, například pivo.

Ukazatel [color=yellow]pozice ve světě[/color] ti napíše, ve které vesnici, lese či jeskyni apod. právě jsi. Tyto názvy používají postavy ve světě, tak si je pamatuj. 

[color=grey]Pro pokračování stiskni mezerník."
text = "V horním panelu nalezneš současný úkol, ukazatel životů a tvou pozici ve světě.

Tvůj zobrazený úkol je tvůj hlavní (ale jistě ne jediný) úkol v danou chvíli. Většinou se do něj nemusíš hrnout a můžeš v klidu prozkoumávat svět. Ostatní úkoly si musíš pamatovat sám! 

Tvůj ukazatel životů je vcelku jednoduchý - jakmile vyprchá, je po tobě. Životy se ti obnovují samy, ale alespoň zpočátku pomalu. Svou pasivní obnovu životů můžeš vylepšit zvýšením své odolnosti. Okamžitou obnovu části životů ti zajistí některé nápoje, například pivo.

Ukazatel pozice ve světě ti napíše, ve které vesnici, lese či jeskyni apod. právě jsi. Tyto názvy používají postavy ve světě, tak si je pamatuj. 

Pro pokračování stiskni mezerník."
__meta__ = {
"_edit_lock_": true
}

[node name="Info" type="RichTextLabel" parent="."]
visible = false
anchor_left = 0.4
anchor_top = 0.4
anchor_right = 0.6
anchor_bottom = 0.4
margin_left = -125.0
margin_top = -125.0
margin_right = 125.0
margin_bottom = -78.0
theme = ExtResource( 3 )
custom_fonts/normal_font = ExtResource( 2 )
bbcode_enabled = true
bbcode_text = "V horním panelu nalezneš současný úkol, ukazatel životů a tvou pozici ve světě.

[color=grey]Pro pokračování stiskni mezerník."
text = "V horním panelu nalezneš současný úkol, ukazatel životů a tvou pozici ve světě.

Pro pokračování stiskni mezerník."
fit_content_height = true
scroll_active = false

[node name="Stats" type="Panel" parent="."]
visible = false
self_modulate = Color( 1, 1, 1, 0 )
anchor_left = 1.0
anchor_top = 1.0
anchor_right = 1.0
anchor_bottom = 1.0
margin_left = -200.0
margin_top = -130.0

[node name="Stats" type="RichTextLabel" parent="Stats"]
margin_left = -50.0
margin_top = -80.0
margin_right = 174.0
margin_bottom = 107.0
theme = ExtResource( 3 )
custom_fonts/normal_font = ExtResource( 2 )
bbcode_enabled = true
bbcode_text = "[table=2][cell]Síla:[/cell][cell]10(+0)[/cell]
[cell]Odolnost:[/cell][cell]10(+0)[/cell]
[cell]Hbitost:[/cell][cell]10(+0)[/cell]
[/table][color=grey]"
text = "Síla:10(+0)Odolnost:10(+0)Hbitost:10(+0)"
scroll_active = false

[connection signal="mouse_entered" from="TopPanel" to="." method="_on_TopPanel_mouse_entered"]
[connection signal="mouse_entered" from="Inventory" to="." method="_on_Inventory_mouse_entered"]
[connection signal="mouse_entered" from="Stats/Stats" to="." method="_on_Stats_mouse_entered"]
